 Dungeon Crawl Stone Soup version 0.27-a0-686-gaed091b46b (webtiles) character file.

Game seed: 7279306944959316858

32 Allula97 the Skirmisher (level 3, -5/29 HPs)
             Began as a Demonspawn Abyssal Knight on Mar 21, 2021.
             Was a Follower of Lugonu.
             Killed by nerve-wracking pain
             ... invoked by Jessica
              (6 damage)
             ... on level 2 of the Dungeon.
             The game lasted 00:06:00 (1559 turns).

Allula97 the Skirmisher (Demonspawn Abyssal Knight) Turns: 1559, Time: 00:06:01

Health: -5/29      AC:  3    Str: 13    XL:     3   Next: 10%
Magic:  0/4        EV: 11    Int: 13    God:    Lugonu [*.....]
Gold:   15         SH:  0    Dex: 12    Spells: 2/2 levels left

rFire    . . .     SeeInvis .   a - +1 hand axe
rCold    . . .     Faith    .   (no shield)
rNeg     . . .     Spirit   +   b - +0 leather armour
rPois    .         Reflect  .   (no helmet)
rElec    .         Harm     .   (no cloak)
rCorr    .         Rampage  .   (no gloves)
Will     .....                  (no boots)
Stlth    +.........             c - amulet of guardian spirit
HPRegen  0.09/turn              (no ring)
MPRegen  0.18/turn              (no ring)

@: lethally poisoned (-5 -> -14)
A: foul stench 1, magic regeneration
a: Renounce Religion, Depart the Abyss


You were on level 2 of the Dungeon.
You worshipped Lugonu.
Lugonu was aware of your devotion.
You visited 1 branch of the dungeon, and saw 2 of its levels.
You visited the Abyss 1 time.

You collected 15 gold pieces.

Inventory:

Hand Weapons
 a - a +1 hand axe (weapon)
Armour
 b - a +0 leather armour (worn)
Jewellery
 c - an amulet of guardian spirit (around neck)
Scrolls
 e - a scroll of identify {unknown}


   Skills:
 * Level 3.5 Fighting
 * Level 2.0(2.1) Axes
 - Level 0.2(1.2) Maces & Flails
 * Level 2.0 Armour
 * Level 1.3 Dodging
 * Level 0.3 Stealth
 * Level 2.5 Invocations


You had 2 spell levels left.
You didn't know any spells.
Your spell library contained the following spells:

 Spells                   Type           Power      Damage    Failure   Level
 Animate Skeleton         Necr           0%         N/A       36%         1
 Apportation              Tloc           0%         N/A       36%         1
 Corona                   Hex            0%         N/A       36%         1
 Summon Small Mammal      Summ           0%         N/A       36%         1


Dungeon Overview and Level Annotations

Branches:
Dungeon (2/15)

Altars:

Annotations:
D:2 Jessica


Innate Abilities, Weirdness & Mutations

You may rarely emit foul miasma when damaged in melee.
You regenerate magic rapidly.


Message History

The adder bites you.
You are more poisoned.
The adder poisons you! The adder bites you but does no damage.
Jessica looks very angry.
You closely miss the adder.
The adder is almost dead.
You feel sick. The adder bites you.
You are more poisoned.
The adder poisons you! The adder barely misses you.
You closely miss the adder.
The adder is almost dead.
* * * LOW HITPOINT WARNING * * *
You feel sick. The adder bites you.
* * * LOW HITPOINT WARNING * * *
You hit the adder.
You kill the adder!
Lugonu accepts your kill.
* * * LOW HITPOINT WARNING * * *
You feel sick.
You have reached level 3!
Your experience leads to an increase in your attributes!
Increase (S)trength, (I)ntelligence, or (D)exterity?
You feel stronger.
Your demonic ancestry asserts itself...
You begin to emit a foul stench of rot and decay.
Okay, then.
* * * LOW HITPOINT WARNING * * *
You feel sick.
You hit the rat.
You kill the rat!
Lugonu accepts your kill.
* * * LOW HITPOINT WARNING * * *
You feel sick. Jessica hits you with a +0 dagger.
* * * LOW HITPOINT WARNING * * *
Unknown command.
You closely miss Jessica.
* * * LOW HITPOINT WARNING * * *
You feel sick. Jessica gestures at you while chanting.
Pain shoots through your body!
You die...

. ......)..r.
#.#.........
#.#........ ..?.....#
#.....# #.#.....#
#.......#
#####.###########
#........)@@...#
#.##.#..######.#####.#
........)# #..<....#
#.#.#.###.# #########
# # #. #.# .. ..# ##.
###


You could see Jessica (fast).

Vanquished Creatures
  An adder (D:2)
  A dart slug (D:1)
  5 bats (D:1)
  4 goblins (D:1)
  3 hobgoblins
  A frilled lizard (D:1)
  4 kobolds (D:1)
  3 rats
22 creatures vanquished.

Notes
Turn   | Place    | Note
-------+----------+-------------------------------------------
     0 | Abyss:1  | Allula97 the Demonspawn Abyssal Knight began the quest for
                  | the Orb.
     0 | Abyss:1  | Reached XP level 1. HP: 18/18 MP: 2/2
    30 | Abyss:1  | Noticed a starcursed mass
    51 | Abyss:1  | Found a corrupted altar of Lugonu.
    68 | Abyss:1  | Found a corrupted altar of Lugonu.
    72 | Abyss:1  | Noticed a ynoxinul
    73 | D:1      | Escaped the Abyss
   288 | D:1      | Reached * piety under Lugonu
   298 | D:1      | Reached skill level 1 in Dodging
   377 | D:1      | Gained mutation: You regenerate magic rapidly. [demonic
                  | ancestry]
   377 | D:1      | Reached XP level 2. HP: 9/24 MP: 3/3
  1537 | D:2      | Noticed Jessica
  1557 | D:2      | Gained mutation: You may rarely emit foul miasma when
                  | damaged in melee. [demonic ancestry]
  1557 | D:2      | Reached XP level 3. HP: 6/29 MP: 2/4
  1559 | D:2      | HP: 1/29 [poisoned by an adder]
  1559 | D:2      | Killed from afar by Jessica

Illustrated notes

Levels and vault maps discovered:
D:1:      minmay_arrival_stone_box, layout_basic, chequers_arboretum,
          columned_hall_lemuel, minmay_pentomino_o2
D:2:      layout_loops_cross, nicolae_overflow_crystal_walls,
          skrybe_limestone_x, uniq_jessica

Skill      XL: |  1  2 |
---------------+-------+-----
Dodging        | 1 |  1.3
Axes           | 2 |  2.0
Armour         | 2 |  2.0
Fighting       | |  3.5
Maces & Flails | |  0.2
Stealth        | |  0.3
Invocations    | |  2.5

Action                   || total
-------------------------++-------
Melee: Hand axe          ||    75
Invok: Depart the Abyss  ||     1
  Use: Potion            ||     1
Armor: Leather armour    ||    18
Dodge: Dodged            ||    53

Table legend: (Time is in decaauts)
 A = Elapsed time spent in this place.
 B = Non-inter-level travel time spent in this place.
 C = Inter-level travel time spent in this place.
 D = Time resting spent in this place.
 E = Time spent auto-exploring this place.
 F = Levels seen in this place.
 G = Mean time per level.
                   A        B        C        D        E       F      G
               +--------+--------+--------+--------+--------+-----+--------+
         Total |   1573 |   1547 |     26 |    422 |    670 |   3 |  524.3 |
       Dungeon |   1500 |   1474 |     26 |    422 |    670 |   2 |  750.0 |
         Abyss |     73 |     73 |      0 |      0 |      0 |   1 |   73.0 |
               +--------+--------+--------+--------+--------+-----+--------+

Top non-repeatable levels by time:
     D:1: 1376 daAuts
     D:2: 124 daAuts
 Abyss:1: 73 daAuts
